 Dungeon Crawl Stone Soup version 0.27-a0-679-g77a6b55cf3 (webtiles) character file.

Game seed: 1539628879442742404

70536 Dreamer the Peltast (level 15, -5/127 HPs)
             Began as a Formicid Fighter on Mar 18, 2021.
             Was the Champion of Ru.
             Collided with a wretched star (20 damage)
             ... caused by a wretched star
             ... on level 2 of the Abyss on Mar 19, 2021.
             The game lasted 01:55:18 (28703 turns).

Dreamer the Peltast (Formicid Fighter)             Turns: 28703, Time: 01:55:20

Health: -5/127     AC: 23    Str: 32    XL:     15   Next: 78%
Magic:  10/10      EV:  8    Int:  9    God:    Ru [******]
Gold:   2362       SH: 20    Dex: 10    Spells: 14/14 levels left

rFire    . . .     SeeInvis +   O - +2 morningstar (venom)
rCold    . . .     Faith    .   c - +0 kite shield
rNeg     . . .     Spirit   .   x - +0 plate armour
rPois    .         Reflect  +   (helmet unavailable)
rElec    .         Harm     .   J - +0 cloak
rCorr    .         Rampage  .   i - +0 pair of gloves
Will     +....                  e - +2 pair of boots
Stlth    ..........             s - amulet of reflection
HPRegen  0.31/turn              B - +4 ring of slaying
MPRegen  0.12/turn              V - +6 ring of strength

@: unable to read
A: permanent stasis, dig shafts and tunnels, antennae 3, inability to read while
threatened, no stealth, inability to use devices, inability to train dodging, no
ice magic, no necromancy magic, no transmutations magic, four strong arms,
subdued magic 1, low mp 1[+2]
a: Dig, Shaft Self, Renounce Religion, Draw Out Power, Power Leap, Apocalypse


You were on level 2 of the Abyss.
You worshipped Ru.
Ru was exalted by your worship.
You visited 4 branches of the dungeon, and saw 21 of its levels.
You visited the Abyss 1 time.

You collected 2544 gold pieces.
You spent 182 gold pieces at shops.

Inventory:

Hand Weapons
 m - a +2 flail of holy wrath
 y - a +0 great mace
 K - a +0 dire flail
 O - a +2 morningstar of venom (weapon)
Armour
 c - a +0 kite shield (worn)
 e - a +2 pair of boots (worn)
 i - a +0 pair of gloves (worn)
 x - a +0 plate armour (worn)
 J - a +0 cloak (worn)
Jewellery
 h - a ring of poison resistance
 k - a +4 ring of evasion
 q - a +4 ring of protection
 s - an amulet of reflection (around neck)
 B - a +4 ring of slaying (right hand)
 G - a ring of poison resistance
 I - the ring "Baruerah" {rPois Will+}
   (You found it on level 11 of the Dungeon)

   [ring of willpower]

   It protects you from poison.
   It affects your willpower, your defense against some magical effects.
 L - a +4 ring of protection
 Q - a ring of ice
 S - a ring of protection from cold
 V - a +6 ring of strength (left hand)
Scrolls
 a - 2 scrolls of vulnerability
 b - 8 scrolls of amnesia
 f - a scroll of holy word
 n - 6 scrolls of enchant weapon
 o - a scroll of random uselessness {unknown}
 p - 2 scrolls of fog {unknown}
 r - 3 scrolls of immolation
 t - 3 scrolls of magic mapping {unknown}
 v - 7 scrolls of enchant armour
 w - a scroll of fear {unknown}
 D - a scroll of blinking {unknown}
 E - a scroll of identify
 N - a scroll of silence {unknown}
Potions
 d - 2 potions of might
 g - a potion of mutation {unknown}
 j - 3 potions of resistance {unknown}
 l - 4 potions of curing
 u - 3 potions of cancellation
 z - a potion of ambrosia
 A - a potion of attraction
 C - 5 potions of flight
 F - 6 potions of heal wounds
 P - a potion of brilliance {unknown}
 R - a potion of invisibility {unknown}


   Skills:
 + Level 14.5 Fighting
 + Level 13.4 Maces & Flails
 + Level 14.5 Armour
 + Level 15.7 Shields


You had 14 spell levels left.
You didn't know any spells.
Your spell library contained the following spells:

 Spells                   Type           Power      Damage    Failure   Level
 Corona                   Hex            0%         N/A       88%         1
 Magic Dart               Conj           0%         1d3       88%         1
 Call Imp                 Summ           0%         N/A       96%         2
 Slow                     Hex            0%         N/A       96%         2
 Confusing Touch          Hex            0%         N/A       99%         3
 Conjure Flame            Conj/Fire      0%         6-21      99%         3
 Dazzling Flash           Conj/Hex       0%         N/A       99%         3
 Mephitic Cloud           Conj/Pois/Air  0%         N/A       99%         3
 Tukima's Dance           Hex            0%         N/A       99%         3
 Chain Lightning          Conj/Air       0%         N/A       100%        8
 Lehudib's Crystal Spear  Conj/Erth      0%         10d2      100%        8
 Fire Storm               Conj/Fire      0%         5d1       100%        9
 Blink                    Tloc           Unusable   N/A       N/A         2
 Ensorcelled Hibernation  Hex/Ice        Unusable   N/A       N/A         2
 Absolute Zero            Ice            Unusable   ∞         N/A         9

Dungeon Overview and Level Annotations

Branches:
Dungeon (12/15)            Temple (1/1) D:4            Lair (6/6) D:10
 Shoals (0/4) Lair:4        Snake (0/4) Lair:3        Slime (0/5) Lair:5
    Orc (2/2) D:9             Elf (0/3) Orc:2

Altars:
Ashenzari
Cheibriados
Dithmenos
Elyvilon
Fedhas
Gozag
Hepliaklqana
Kikubaaqudgha
Makhleb
Nemelex Xobeh
Okawaru
Qazlal
Ru
Sif Muna
Trog
Uskayaw
Vehumet
Wu Jian
Xom
Yredelemnul
Zin
The Shining One
Beogh

Shops:
D:2 :   D:11 !   Orc:2 ([*=

Portals:
Trove: D:11 (give +5 demon blade)

Annotations:
D:7 2 transporters, fly's ghost, novice TeAE
D:8 2 transporters
D:10 Sonja
Lair:2 exclusion: 2 oklob plants


Innate Abilities, Weirdness & Mutations

You cannot be hasted, slowed, berserked, paralysed or teleported.
You can dig through walls and to a lower floor.
You have a pair of large antennae on your head. (SInv)
You cannot read scrolls while threatened.
You cannot be stealthy.
You cannot study or use magical devices.
You cannot train Dodging skill.
You cannot study or cast Ice magic.
You cannot study or cast Necromancy magic.
You cannot study or cast Transmutations magic.
Your four strong arms can wield two-handed weapons with a shield.
Your spells are a little easier to cast, but a little less powerful.
[Your magical capacity is extremely low. (-30% MP)]


Message History

You start resting.
You feel your health improve.
You start resting.
A neqoxec comes into view.
You start resting.
A neqoxec is nearby!
The neqoxec shouts!
You hear a screech!
A neqoxec is nearby!
You redirect the neqoxec's attack!
A tentacled starspawn comes into view.
The tentacled starspawn begins to attack, but is stunned by your conviction!
Tentacles burst from the starspawn's body! 2 starspawn tentacles come into view.
A wretched star comes into view.
A wretched star and a large abomination come into view.
The wretched star glows turbulently.
The lance of force misses you.
The wretched star begins to attack, but is stunned by your conviction!
You hit the wretched star.
The wretched star is lightly damaged.
The wretched star glows turbulently.
The lance of force hits you.
You are knocked back by the lance of force.
You slam into the stone wall!
You feel threatened and lose the ability to read scrolls!
* * * LOW HITPOINT WARNING * * *
You bludgeon the wretched star!!
The wretched star is moderately damaged.
You redirect the wretched star's attack!
The wretched star glows turbulently.
You barely miss the wretched star.
The wretched star is moderately damaged.
The wretched star pulses with an eldritch light!
You feel less energetic. x2
The wretched star glows turbulently.
The lance of force hits you!
* * * LOW HITPOINT WARNING * * *
You are knocked back by the lance of force.
You collide with the wretched star!
You die...

. . #...#.###...# .#
.#..#.#.###..#.# ..
#...#####.....# #.
3.. ...#... .#..
.#....#.###...## #
..##..####..X.## #..
. # # #..3#.# #...#
#
..#..#..##..##...###
.# .. .
##_#.#*@*.....# ..
..3
#.###.......##.#. .
. .. ..##.#.#..... .
. ..X###...#.#.#
.... ..#. # ....
.##.# # .. .. ## # #
. ...


You could see a tentacled starspawn, 2 wretched stars, a large abomination and a
neqoxec.

Vanquished Creatures
  A tentacled starspawn (Abyss:2)
  Gastronok (D:10)
  An orc warlord (Orc:2)
  A minotaur (Orc:1)
  The ghost of Haururia the Cleaver, a journeyman HOFi of Makhleb (Lair:3)
  Fannar (Lair:2)
  An ice dragon (Lair:3)
  The ghost of Aapotti the Frost Mage, a journeyman DgIE (Orc:2)
  Harold (Lair:1)
  A catoblepas (Lair:6)
  4 hydras
  A boulder beetle (Lair:4)
  3 two-headed ogres
  2 thrashing horrors (Abyss:2)
  4 orc high priests (Orc:2)
  An unseen horror (D:11)
  A lindwurm (Lair:3)
  3 orc knights (Orc:2)
  5 orc sorcerers (Orc:2)
  A cyclops (D:9)
  13 elephants
  12 cane toads
  6 black mambas
  Maggie (D:8)
  7 komodo dragons
  3 rime drakes
  6 polar bears
  An ancient zyme (Abyss:2)
  7 trolls
  4 hornets
  20 blink frogs
  2 slime creatures
  16 dream sheep
  31 yaks
  11 spriggans
  5 wyverns
  2 basilisks
  Grum (D:8)
  4 fire bats (Abyss:2)
  A neqoxec (Abyss:2)
  8 wargs
  24 water moccasins
  4 black bears
  33 orc warriors
  A sky beast (D:10)
  An ice beast (D:8)
  12 ogres
  4 boggarts
  43 wolves
  9 centaurs
  A phantom (D:11)
  A kobold brigand (D:9)
  10 bullfrogs
  4 scorpions
  A snapping turtle simulacrum (Abyss:2)
  23 wights
  An electric eel (Lair:2)
  2 howler monkeys (D:9)
  4 hounds
  2 quasits
  3 jellies
  23 orc priests
  2 bullfrog skeletons
  4 centaur skeletons
  26 orc wizards
  3 iguanas
  7 worker ants
  6 hell rats (Lair:3)
  A hound skeleton (D:5)
  2 worker ant zombies
  A gnoll (D:2)
  18 adders
  A shadow imp (D:10)
  A white imp (D:5)
  4 ufetubi (D:5)
  3 oozes
  An adder skeleton (D:4)
  2 worms
  3 dart slugs
  6 leopard geckos
  95 orcs
  3 ball pythons
  6 giant cockroaches
  11 goblins
  8 hobgoblins
  7 jackals
  14 kobolds
  5 quokkas
  13 bats
  7 frilled lizards
  A jackal zombie (D:7)
  A quokka skeleton (D:5)
  8 rats
  A butterfly (Lair:1)
673 creatures vanquished.

Vanquished Creatures (others)
  A hydra (Lair:6)
  Maurice (Orc:1)
  A dream sheep (Lair:3)
  A spriggan (Lair:6)
  A water moccasin (Lair:3)
  An orc priest (Orc:2)
  44 fungi
  35 plants
  6 starspawn tentacles (Abyss:2)
91 creatures vanquished.

Grand Total: 764 creatures vanquished

Notes
Turn   | Place    | Note
-------+----------+-------------------------------------------
     0 | D:1      | Dreamer the Formicid Fighter began the quest for the Orb.
     0 | D:1      | Reached XP level 1. HP: 18/18 MP: 1/1
     3 | D:1      | You fall into a shaft and drop 1 floor!
    19 | D:2      | Reached XP level 2. HP: 20/24 MP: 2/2
   115 | D:1      | Reached skill level 4 in Shields
   115 | D:1      | Reached XP level 3. HP: 29/29 MP: 3/3
   754 | D:2      | Found Tuim Nuq's Book Boutique.
   794 | D:2      | Reached XP level 4. HP: 34/37 MP: 4/4
  1070 | D:2      | Found a faded altar of an unknown god.
  1230 | D:2      | Reached XP level 5. HP: 41/42 MP: 5/5
  1677 | D:3      | Found a basalt altar of Yredelemnul.
  1702 | D:3      | Reached XP level 6. HP: 47/49 MP: 6/6
  1820 | D:3      | Reached skill level 5 in Shields
  2133 | D:3      | Found a radiant altar of Vehumet.
  2577 | D:4      | Found a hazy altar of Hepliaklqana.
  3159 | D:4      | Found a staircase to the Ecumenical Temple.
  3163 | D:4      | Reached XP level 7. HP: 55/55 MP: 7/7
  3165 | Temple   | Entered the Ecumenical Temple
  3310 | D:4      | Reached skill level 5 in Fighting
  3310 | D:4      | Reached skill level 5 in Armour
  3824 | D:5      | Entered Level 5 of the Dungeon
  4198 | D:5      | Found a sparkling altar of Nemelex Xobeh.
  4276 | D:5      | Found a hide-covered altar of Uskayaw.
  4285 | D:5      | Reached skill level 6 in Shields
  4350 | D:5      | Reached XP level 8. HP: 64/64 MP: 8/8
  4527 | D:5      | Found a sparkling altar of Nemelex Xobeh.
  4699 | D:5      | Reached skill level 5 in Maces & Flails
  5183 | D:6      | Found an iron altar of Okawaru.
  5222 | D:6      | HP: 2/64 [orc warrior/+0 battleaxe (6)]
  5228 | D:6      | Reached skill level 7 in Shields
  5580 | D:6      | Noticed a two-headed ogre
  5603 | D:6      | Killed a two-headed ogre
  5604 | D:6      | Reached XP level 9. HP: 14/72 MP: 9/9
  5608 | D:6      | HP: 3/72 [orc warrior/+0 hand axe (7)]
  6033 | D:6      | Reached skill level 8 in Shields
  6226 | D:6      | Found an ornate altar of the Wu Jian Council.
  6227 | D:6      | Found a shadowy altar of Dithmenos.
  6858 | D:7      | Found a stormy altar of Qazlal.
  6894 | D:7      | You fall into a shaft and drop 2 floors!
  6919 | D:8      | Noticed Maggie
  6961 | D:8      | Noticed a troll
  6975 | D:9      | Killed a troll
  6976 | D:9      | Reached XP level 10. HP: 66/80 MP: 10/10
  7164 | D:8      | Killed Maggie
  7165 | D:8      | Reached skill level 9 in Shields
  7207 | D:8      | Noticed Grum
  7374 | D:8      | Killed Grum
  7611 | D:7      | Noticed fly's ghost (novice TeAE)
  7612 | D:7      | Found a transporter.
  7623 | D:7      | Found a transporter.
  7833 | D:7      | Found a runed translucent door.
  8420 | D:8      | Found a transporter.
  8429 | D:8      | Found a transporter.
  8464 | D:8      | Noticed a centaur warrior
  8469 | D:8      | Noticed a two-headed ogre
  8484 | D:8      | Killed a two-headed ogre
  8785 | D:8      | Found a burning altar of Makhleb.
  9299 | D:9      | Found a staircase to the Orcish Mines.
  9326 | D:9      | Reached skill level 10 in Shields
  9523 | D:9      | Reached XP level 11. HP: 88/89 MP: 11/11
  9653 | D:9      | Found a shimmering altar of Xom.
  9964 | D:9      | Found a bloodstained altar of Trog.
  9965 | D:9      | Found a glowing golden altar of the Shining One.
 10224 | D:9      | Found a sacrificial altar of Ru.
 10240 | D:9      | Became a worshipper of Ru the Awakened
 10276 | D:10     | Entered Level 10 of the Dungeon
 11027 | D:10     | Found a staircase to the Lair.
 11114 | D:11     | Noticed a two-headed ogre
 11141 | D:11     | Killed a two-headed ogre
 11142 | D:11     | Reached skill level 10 in Armour
 11148 | D:11     | Reached skill level 10 in Fighting
 11397 | D:11     | Found a portal to a secret trove of treasure.
 11442 | D:11     | Noticed an unseen horror
 11452 | D:11     | Killed an unseen horror
 11453 | D:11     | Reached skill level 11 in Shields
 11616 | D:11     | Gained mutation: You cannot study or cast Ice magic. [Ru
                  | sacrifice]
 11616 | D:11     | Gained mutation: You cannot study or cast Transmutations
                  | magic. [Ru sacrifice]
 11616 | D:11     | Gained mutation: You cannot study or cast Necromancy magic.
                  | [Ru sacrifice]
 11616 | D:11     | Reached * piety under Ru
 11813 | D:11     | Found Tinguits's Distillery.
 11835 | D:11     | Bought a potion of heal wounds for 70 gold pieces
 11835 | D:11     | Bought a potion of curing for 42 gold pieces
 11835 | D:11     | Bought a potion of heal wounds for 70 gold pieces
 11956 | D:11     | Identified the ring "Baruerah" {rPois Will+}
 12111 | D:12     | Noticed a purple ugly thing
 12112 | D:12     | Noticed a cyclops
 12308 | Orc:1    | Entered Level 1 of the Orcish Mines
 12308 | Orc:1    | Noticed a cyclops
 12323 | D:9      | Killed a cyclops
 12475 | D:9      | Reached XP level 12. HP: 98/98 MP: 12/12
 12491 | Orc:1    | Noticed Maurice
 12507 | Orc:1    | Killed Maurice
 13392 | Orc:2    | Entered Level 2 of the Orcish Mines
 13520 | Orc:2    | Noticed Aapotti's ghost (journeyman DgIE)
 13529 | Orc:2    | Noticed a minotaur
 13611 | Orc:2    | Found a staircase to the Elven Halls.
 13639 | Orc:2    | Gained mutation: You cannot be stealthy. [Ru sacrifice]
 13639 | Orc:2    | Reached ** piety under Ru
 13760 | Orc:2    | Found a runed translucent gate.
 13760 | Orc:2    | Found a runed translucent gate.
 13760 | Orc:2    | Found a runed translucent gate.
 14389 | Orc:2    | Reached skill level 10 in Maces & Flails
 14389 | Orc:2    | Reached skill level 12 in Shields
 14814 | Orc:2    | Noticed an orc high priest
 14827 | Orc:2    | Killed an orc high priest
 14870 | Orc:2    | Noticed an orc warlord
 14891 | Orc:2    | Killed an orc warlord
 14892 | Orc:2    | Reached XP level 13. HP: 24/106 MP: 13/13
 16123 | Orc:2    | Reached skill level 13 in Shields
 16276 | Orc:2    | Found Rocoum's Antique Armour Shop.
 16277 | Orc:2    | Found Ywaek's Antique Weapon Shop.
 16279 | Orc:2    | Found Xebias's General Store.
 16279 | Orc:2    | Found Zeliab's Jewellery Boutique.
 16587 | Orc:1    | Killed a minotaur
 16949 | Orc:2    | Killed Aapotti's ghost
 16951 | Orc:2    | Identified the +0 hat of Tetuurin {*Slow rC++ Int+4}
 17104 | Lair:1   | Entered Level 1 of the Lair of Beasts
 17106 | Lair:1   | Noticed Gastronok
 17178 | D:10     | Gained mutation: You cannot read scrolls while threatened.
                  | [Ru sacrifice]
 17178 | D:10     | Reached *** piety under Ru
 17208 | D:10     | Killed Gastronok
 17396 | Lair:1   | Noticed Sonja
 18340 | Lair:1   | Found an ornate altar of the Wu Jian Council.
 18578 | Lair:1   | Noticed Harold
 18607 | Lair:1   | Killed Harold
 19438 | Lair:2   | Noticed Fannar
 19461 | Lair:2   | Killed Fannar
 19763 | Lair:2   | Reached XP level 14. HP: 107/116 MP: 14/14
 20045 | Lair:2   | Gained mutation: You cannot train Dodging skill. [Ru
                  | sacrifice]
 20045 | Lair:2   | Reached **** piety under Ru
 21085 | Lair:3   | Reached skill level 14 in Shields
 21676 | Lair:3   | Found a runed translucent door.
 21681 | Lair:3   | Noticed Haururia's ghost (journeyman HOFi)
 22472 | Lair:3   | Identified the +6 hand axe "Zymierph" {flame, Str+3}
 22481 | Lair:3   | Gained mutation: You cannot study or use magical devices.
                  | [Ru sacrifice]
 22481 | Lair:3   | Reached ***** piety under Ru
 22481 | Lair:3   | Reached ****** piety under Ru
 22546 | Lair:3   | Found a staircase to the Snake Pit.
 22950 | Lair:3   | Killed Haururia's ghost
 23024 | Lair:4   | Found a staircase to the Shoals.
 24966 | Lair:5   | Reached XP level 15. HP: 125/125 MP: 15/15
 25218 | Lair:5   | Found a staircase to the Slime Pits.
 25563 | Lair:6   | Entered Level 6 of the Lair of Beasts
 25670 | Lair:5   | Reached skill level 15 in Shields
 28118 | Lair:6   | Upgraded the game from 0.27-a0-676-gc1da3516c2 to
                  | 0.27-a0-679-g77a6b55cf3
 28373 | D:10     | Cast into level 1 of the Abyss (Sonja)
 28596 | Abyss:2  | Found a corrupted altar of Lugonu.
 28625 | Abyss:2  | Noticed a tentacled starspawn
 28634 | Abyss:2  | Gained mutation: Your spells are a little easier to cast,
                  | but a little less powerful. [a neqoxec]
 28638 | Abyss:2  | Gained mutation: [Your magical capacity is low. (-10% MP)]
                  | [a neqoxec]
 28651 | Abyss:2  | Killed a tentacled starspawn
 28694 | Abyss:2  | Found a corrupted altar of Lugonu.
 28694 | Abyss:2  | Noticed a tentacled starspawn
 28703 | Abyss:2  | Collided with a wretched star

Illustrated notes

Levels and vault maps discovered:
D:1:      lemuel_arrival_muddy, layout_rooms
D:2:      layout_loops_ring, chequers_ecumenical_altar_simple, serial_shops,
          nicolae_shop_stone
D:3:      layout_basic, general_overflow_altar, overflow_temple_1_default
D:4:      layout_loops_ring, minmay_temple_entry_proselytizer,
          supply_closet_lemuel, amcnicky_altar_gilded
D:5:      layout_rooms, lemuel_doored_altar, nemelex_altar_shiori,
          nemelex_dance_club_becter
D:6:      layout_gridville, gammafunk_temple_overflow_statue, okawaru_trees_2
D:7:      layout_gridville, kennysheep_mini_moat, gammafunk_ghost_arena,
          grunt_ministairs_1, lightli_church_of_beogh
D:8:      layout_basic, gammafunk_temple_overflow_arena, uniq_maggie, uniq_grum
D:9:      layout_roguey, xom_teletrap_fun, gammafunk_temple_overflow_pools,
          nicolae_ru_the_path_less_chosen, david_orc_2
D:10:     layout_basic, lair_entry_dummy, kennysheep_generic_room_10
D:11:     layout_rooms, enter_trove_0, serial_shops, nicolae_shop_waterfront
D:12:     layout_cave_pools, chequers_serial_rivers_small_b, fedhas_altar_2
Temple:   compressed_dpeg_circular_temple
Lair:1:   layout_gridlike, basic_altar, serial_bayou_shore_b, uniq_harold,
          uniq_sonja, uniq_gastronok
Lair:2:   layout_small_grid, minmay_lair_oklob_chamber, grunt_megastairs_5,
          infiniplex_staircase_pool, lemuel_fruit_fields, uniq_fannar
Lair:3:   dragon1_lemuel, layout_regular_city, minmay_snake_entry_six_corridors,
          ebering_ghost_reflecting_pool, nicolae_volcano_entry_vermiform
Lair:4:   layout_long_grid, minmay_shoals_entry_centaurs,
          chequers_serial_rivers_large_a, lemuel_fruit_tree
Lair:5:   layout_long_grid, slime_dummy
Lair:6:   minmay_lair_end_enchanted_forest, layout_cave_shapes,
          grunt_megastairs_3
Orc:1:    layout_diamond_mine, nicolae_orc_pool_cavern, mines2_david,
          uniq_maurice
Orc:2:    st_orc_congregation, layout_diamond_mine,
          maelrawn_ghost_gauntlet_escape, nicolae_orc_sculptors_studio,
          mines5_lemuel
Abyss:2:  base: D:5, hangedman_shadowy_showcase

Skill      XL: |  1  2  3  4  5  6  7  8  9 10 11 12 13 14 15 |
---------------+----------------------------------------------+-----
Shields        | 4 5 6 7 8 10 11 12 13 14 15 | 15.7
Fighting       | 4 5 7 9 10 11 12 13 14 | 14.5
Armour         | 4 5 7 9 10 11 12 13 14 | 14.5
Maces & Flails | 3 4 6 8 9 10 11 12 13 | 13.4

Action                   |  1- 3 |  4- 6 |  7- 9 | 10-12 | 13-15 || total
-------------------------+-------+-------+-------+-------+-------++-------
Melee: Flail             |    96 |   225 |   290 |   896 |   388 ||  1895
       Morningstar       |       |       |       |       |   904 ||   904
Invok: Sacrifice Arcana  |       |       |       |     1 |       ||     1
       Sacrifice Stealth |       |       |       |     1 |       ||     1
       Sacrifice Words   |       |       |       |       |     1 ||     1
       Sacrifice Artific |       |       |       |       |     1 ||     1
       Sacrifice Nimblen |       |       |       |       |     1 ||     1
 Abil: Dig               |       |     1 |     7 |    15 |    22 ||    45
Evoke: Wand              |       |       |     2 |     1 |       ||     3
  Use: Potion            |       |       |     6 |     1 |       ||     7
       Scroll            |       |       |       |    14 |     1 ||    15
 Stab: Invisible         |       |       |       |     1 |     3 ||     4
       Distracted        |       |       |       |     1 |     2 ||     3
       Paralysed         |       |       |       |       |     1 ||     1
Armor: Scale mail        |    44 |    20 |       |       |       ||    64
       Fire dragon scale |       |    95 |    55 |       |       ||   150
       Plate armour      |       |       |    40 |   171 |   398 ||   609
       Skin              |       |       |     2 |       |       ||     2
Dodge: Dodged            |    39 |    80 |    76 |    87 |   187 ||   469
Block: Kite shield       |    56 |   119 |   272 |   516 |   922 ||  1885
       Reflection        |       |       |     5 |     9 |    14 ||    28

Table legend: (Time is in decaauts)
 A = Elapsed time spent in this place.
 B = Non-inter-level travel time spent in this place.
 C = Inter-level travel time spent in this place.
 D = Time resting spent in this place.
 E = Time spent auto-exploring this place.
 F = Levels seen in this place.
 G = Mean time per level.
                   A        B        C        D        E       F      G
               +--------+--------+--------+--------+--------+-----+--------+
         Total |  28736 |  28044 |    692 |   9185 |  11167 |  23 | 1249.4 |
       Dungeon |  13542 |  13136 |    406 |   3662 |   6061 |  12 | 1128.5 |
        Temple |    104 |    104 |      0 |      0 |      1 |   1 |  104.0 |
          Lair |  10464 |  10237 |    227 |   3521 |   4026 |   6 | 1744.0 |
  Orcish Mines |   4301 |   4243 |     58 |   1812 |   1072 |   2 | 2150.5 |
         Abyss |    322 |    322 |      0 |    189 |      5 |   2 |  161.0 |
               +--------+--------+--------+--------+--------+-----+--------+

Top non-repeatable levels by time:
   Orc:2: 3132 daAuts
  Lair:3: 2532 daAuts
  Lair:5: 2183 daAuts
     D:9: 2004 daAuts
  Lair:2: 1727 daAuts
    D:10: 1584 daAuts
     D:6: 1519 daAuts
  Lair:1: 1505 daAuts
  Lair:6: 1430 daAuts
     D:4: 1343 daAuts
     D:7: 1282 daAuts
   Orc:1: 1168 daAuts
     D:3: 1134 daAuts
  Lair:4: 1086 daAuts
    D:11: 1044 daAuts
